Map: Triton LE

Players

llllllllllll (Trap)

  • Race: Protoss Protoss
  • League: Master
  • Spawn Location: 5:00

TSGSolar (Solar) - Winner!

  • Race: Zerg Zerg
  • League: Master
  • Spawn Location: 11:00

VOD

Have the link to the VOD?

Description

Time

  • Played on: Jan. 9, 2020, 8:05 a.m.
  • Length: 11:08
Show
View Real Time Build Order
Export as new Build Order

llllllllllll Protoss 

Build Orders: 1 Gate Expand, Oracle Opening, Phoenix Opening, Archon Immortal 

Get SALT Encoding   

  12  0:00  Probe  
  13  0:12  Probe  
  14  0:18  Pylon  
  14  0:24  Probe  
  15  0:36  Probe (Chrono Boost)  
  16  0:45  Gateway  
  16  0:46  Probe (Chrono Boost)  
  16  0:48  Assimilator  
  17  0:51  Probe (Chrono Boost)  
  18  1:03  Probe  
  19  1:15  Probe  
  20  1:24  Nexus  
  20  1:34  Cybernetics Core  
  20  1:36  Probe  
  21  1:43  Assimilator  
  21  1:49  Probe  
  21  1:52  Pylon  
  22  2:01  Probe (Chrono Boost)  
  23  2:10  Adept  
  23  2:13  Probe (Chrono Boost)  
  26  2:15  Stargate  
  26  2:20  Probe (Chrono Boost)  
  27  2:25  Warp Gate  
  27  2:29  Probe (Chrono Boost)  
  28  2:36  Probe (Chrono Boost)  
  29  2:40  Adept  
  33  2:44  Probe (Chrono Boost)  
  33  2:45  Probe (Chrono Boost)  
  33  2:50  Probe  
  33  2:51  Probe  
  35  2:58  Phoenix (Chrono Boost)  
  35  3:02  Probe  
  35  3:03  Probe  
  39  3:07  Pylon  
  39  3:14  Probe  
  39  3:15  Probe  
  39  3:17  Oracle (Chrono Boost)  
  41  3:20  Gateway  
  41  3:26  Probe  
  45  3:28  Probe  
  45  3:30  Assimilator  
  45  3:34  Assimilator  
  46  3:38  Twilight Council  
  46  3:45  Gateway  
  46  3:46  Gateway  
  46  3:48  Adept  
  46  3:51  Probe  
  46  3:52  Probe  
  50  3:56  Pylon  
  50  4:03  Probe  
  50  4:04  Probe  
  50  4:06  Pylon  
  52  4:10  Pylon  
  52  4:15  Probe, Resonating Glaives (Chrono Boost)  
  52  4:16  Probe  
  54  4:26  Adept x2  
  58  4:36  Nexus  
  58  4:37  Robotics Facility  
  58  4:43  Robotics Facility  
  58  4:47  Assimilator  
  58  4:50  Probe (Chrono Boost)  
  58  4:51  Probe (Chrono Boost)  
  60  4:53  Adept  
  60  4:59  Pylon  
  62  5:02  Probe x2 (Chrono Boost)  
  64  5:07  Probe x2 (Chrono Boost)  
  64  5:10  Sentry x2  
  70  5:17  Probe x2  
  70  5:19  Forge  
  72  5:22  Pylon  
  72  5:29  Probe x2  
  72  5:33  Immortal  
  72  5:34  Sentry  
  80  5:40  Immortal  
  80  5:41  Probe x2  
  86  5:47  Pylon  
  87  5:50  Probe (Chrono Boost), Protoss Ground Weapons Level 1 (Chrono Boost)  
  87  5:53  Probe (Chrono Boost)  
  89  5:58  Probe (Chrono Boost)  
  89  6:01  Probe (Chrono Boost)  
  89  6:02  Pylon  
  89  6:03  Probe (Chrono Boost)  
  91  6:06  Probe (Chrono Boost)  
  91  6:07  Probe (Chrono Boost)  
  91  6:08  Probe (Chrono Boost), Assimilator x2  
  94  6:12  Observer  
  94  6:16  Probe  
  94  6:17  Probe  
  95  6:19  Immortal  
  95  6:22  Stalker  
  95  6:25  Probe  
  102  6:28  Probe, Zealot x2  
  102  6:29  Probe  
  102  6:32  Zealot  
  110  6:41  Templar Archives  
  110  6:48  Blink (Chrono Boost)  
  110  6:50  Gateway  
  110  6:54  Gateway  
  110  6:55  Warp Prism  
  110  6:56  Gateway  
  110  6:58  Gateway  
  110  7:01  Immortal  
  116  7:07  Sentry x2  
  120  7:09  Pylon  
  120  7:10  Photon Cannon  
  120  7:11  Pylon  
  116  7:20  Stalker  
  116  7:21  Pylon, Stalker  
  120  7:25  Pylon  
  120  7:34  Pylon  
  120  7:35  Pylon  
  120  7:39  Pylon  
  120  7:42  Stalker  
  120  7:43  Stalker  
  124  7:45  Shield Battery  
  124  7:48  Shield Battery  
  124  7:49  Shield Battery  
  124  7:50  High Templar x2  
  124  7:51  Zealot x2  
  128  7:53  Stalker x2  
  128  7:55  Archon  
  134  8:03  Shield Battery  
  134  8:05  Protoss Ground Weapons Level 2 (Chrono Boost)  
  134  8:06  Pylon, Zealot x2  
  134  8:08  Pylon  
  132  8:17  Stalker x3  
  135  8:41  Zealot  
  135  8:42  Zealot x5  
  121  9:03  Stalker  
  121  9:04  Stalker x6  
  124  9:15  Stalker  
  116  9:32  Stalker x4  
  120  9:42  High Templar x2  
  124  9:48  Archon  
  124  10:03  Stalker x4  
  114  10:30  Stalker x3  
  114  10:34  Stalker  
Show
View Real Time Build Order
Export as new Build Order

TSGSolar Zerg - Winner!

Build Orders: Hatch First, Swarm Host 

Get SALT Encoding   

  12  0:01  Drone  
  13  0:12  Overlord  
  13  0:17  Drone  
  14  0:30  Drone x2  
  16  0:47  Hatchery  
  15  0:51  Drone  
  15  0:55  Drone  
  17  0:58  Drone  
  18  1:09  Extractor  
  17  1:14  Spawning Pool  
  17  1:17  Drone  
  17  1:20  Drone  
  18  1:30  Drone  
  19  1:39  Drone  
  20  1:46  Hatchery  
  19  1:49  Drone  
  20  2:01  Queen  
  20  2:05  Drone  
  23  2:12  Queen  
  25  2:18  Overlord  
  26  2:22  Drone  
  26  2:24  Drone  
  26  2:27  Drone  
  28  2:32  Metabolic Boost  
  28  2:37  Drone x2  
  28  2:40  Drone  
  31  2:46  Queen  
  31  2:48  Zergling x2  
  34  2:51  Zergling x2  
  34  2:54  Drone  
  36  3:00  Queen  
  36  3:03  Overlord  
  38  3:06  Drone  
  38  3:10  Drone x2  
  41  3:15  Drone  
  41  3:22  Overlord  
  41  3:23  Drone  
  41  3:24  Drone  
  41  3:25  Queen  
  45  3:27  Drone  
  45  3:31  Drone  
  45  3:33  Drone  
  48  3:36  Overlord  
  48  3:37  Drone  
  48  3:40  Spore Crawler  
  48  3:44  Drone  
  48  3:45  Spore Crawler  
  48  3:50  Overlord  
  48  3:54  Drone  
  48  3:55  Drone x5  
  53  3:57  Zergling x4  
  53  4:01  Zergling x2  
  57  4:02  Overlord  
  57  4:06  Zergling x2  
  57  4:09  Drone x3  
  61  4:13  Spore Crawler  
  61  4:15  Drone x2  
  61  4:16  Drone  
  62  4:22  Zergling x2  
  64  4:25  Lair, Zergling x2  
  64  4:27  Drone  
  66  4:32  Roach Warren  
  66  4:33  Extractor, Drone  
  66  4:34  Extractor  
  66  4:38  Drone x6  
  66  4:40  Drone x2  
  66  4:41  Extractor, Overlord  
  66  4:43  Overlord  
  66  4:45  Zergling x2  
  71  4:48  Zergling x2  
  71  4:52  Overlord  
  72  5:00  Overlord  
  72  5:01  Zergling x4  
  72  5:06  Drone  
  74  5:08  Zergling x4  
  74  5:13  Roach x5  
  86  5:14  Extractor  
  86  5:19  Roach  
  86  5:21  Overlord  
  87  5:26  Roach  
  87  5:27  Drone x3  
  91  5:30  Overseer  
  91  5:31  Glial Reconstitution  
  91  5:32  Drone  
  91  5:34  Overlord  
  91  5:35  Drone x3  
  95  5:37  Drone x4  
  95  5:41  Evolution Chamber  
  95  5:42  Drone  
  99  5:44  Extractor  
  99  5:46  Roach  
  99  5:47  Overseer  
  100  5:52  Drone x4  
  100  5:54  Drone  
  105  5:58  Overlord  
  105  6:00  Roach  
  105  6:02  Infestation Pit  
  105  6:03  Overlord  
  106  6:06  Overlord  
  106  6:09  Zerg Missile Weapons Level 1, Overlord  
  106  6:11  Overlord  
  106  6:12  Overlord  
  106  6:16  Overlord  
  104  6:24  Overlord  
  104  6:36  Drone x2  
  104  6:38  Drone  
  105  6:42  Swarm Host  
  105  6:43  Swarm Host x8  
  132  6:48  Swarm Host x2  
  132  6:50  Swarm Host  
  141  6:56  Swarm Host  
  144  7:01  Overlord  
  144  7:03  Overlord  
  144  7:07  Overlord  
  143  7:11  Nydus Network  
  143  7:14  Hatchery  
  143  7:15  Swarm Host x2  
  147  7:19  Roach x3  
  147  7:22  Roach x2  
  157  7:26  Zergling x8  
  161  7:32  Roach x3  
  161  7:33  Roach  
  161  7:34  Zergling x2  
  170  7:38  Zergling x6  
  173  7:44  Zergling x2  
  173  7:48  Nydus Canal  
  173  7:49  Ravager  
  173  7:50  Ravager x3  
  173  7:51  Zergling x6  
  180  7:56  Roach  
  181  7:59  Zergling x14  
  181  8:04  Nydus Canal  
  188  8:05  Roach  
  188  8:06  Roach x3  
  188  8:11  Zergling x4  
  190  8:15  Roach  
  186  8:21  Roach x2  
  190  8:27  Zergling x12  
  190  8:31  Nydus Canal  
  190  8:32  Ravager x3  
  199  8:41  Extractor  
  196  8:48  Nydus Canal  
  196  8:49  Roach x2  
  196  8:54  Roach  
  199  8:57  Roach x2  
  199  8:58  Zergling x2  
  199  8:59  Zergling x2  
  199  9:00  Zergling x12  
  198  9:02  Roach  
  198  9:04  Roach x2  
  198  9:05  Roach  
  198  9:06  Roach x2  
  198  9:08  Roach  
  195  9:13  Roach x2  
  194  9:17  Roach  
  194  9:18  Roach  
  194  9:20  Roach  
  194  9:21  Zergling x6  
  200  9:27  Roach  
  200  9:29  Roach  
  194  9:32  Roach x2  
  194  9:37  Roach x4  
  194  9:40  Roach  
  194  9:42  Roach x2  
  194  9:43  Ravager x2  
  197  9:48  Roach  
  191  9:53  Zergling x6  
  191  9:55  Ravager x3  
  191  9:57  Roach x5  
  198  10:17  Zergling x4  
  200  10:21  Roach  
  200  10:26  Roach  
  200  10:27  Roach x5  
  200  10:28  Roach x6  
  198  10:30  Roach x5  
  198  10:31  Roach  
  198  10:32  Roach  
  198  10:34  Roach x2  
  198  10:35  Roach  
  197  10:38  Roach  
  197  10:40  Roach  
  189  10:43  Roach x2  
  189  10:48  Roach  
  175  10:52  Nydus Canal  
Tags
 
Add a new tag
Caveats
  • Supply blocks, unpowered buildings, or Contaminate may cause inaccurate times.
  • Supply counts are checked every 10 seconds.